 Dungeon Crawl Stone Soup version 0.20.0-15-g7f486f2 (webtiles) character file.

102 skittles the Firebug (level 4, -2/33 HPs)
             Began as a Draconian Fire Elementalist on June 15, 2017.
             Killed by divine providence
             ... invoked by an orc priest
              (11 damage)
             ... on level 3 of the Dungeon.
             The game lasted 00:05:19 (2667 turns).

skittles the Firebug (Draconian Fire Elementalist)  Turns: 2667, Time: 00:05:20

Health: -2/33      AC:  5    Str: 10    XL:     4   Next: 50%
Magic:  2/8        EV: 12    Int: 16    God:
Gold:   176        SH:  0    Dex: 12    Spells: 1/9 levels left

rFire    + . .     SeeInvis .   l - +0 spear
rCold    . . .     Gourm    .   (no shield)
rNeg     . . .     Faith    .   (armour unavailable)
rPois    .         Spirit   .   (helmet restricted)
rElec    .         Reflect  .   (no cloak)
rCorr    .         Harm     .   (no gloves)
MR       .....                  (no boots)
Stlth    ++........             h - amulet of magic regeneration
Regen    0.2/turn               g - ring of protection from fire
MPRegen  0.2/turn               (no ring)

@: no status effects
A: unfitting armour, cold-blooded, AC +5
a: no special abilities


You were on level 3 of the Dungeon.
You were not hungry.

You visited 1 branch of the dungeon, and saw 3 of its levels.

You collected 176 gold pieces.

Inventory:

Hand Weapons
 c - a +0 short sword
 l - a +0 spear (weapon)
Jewellery
 g - a ring of protection from fire (left hand)
 h - an amulet of magic regeneration (around neck)
 j - a +3 amulet of reflection {unknown}
 p - an uncursed amulet of harm {unknown}
 r - a +3 ring of evasion {unknown}
Wands
 v - a wand of polymorph (7/24)
Scrolls
 f - 2 scrolls of magic mapping {unknown}
 k - a scroll of enchant weapon {unknown}
 m - a scroll of random uselessness {unknown}
 n - 2 scrolls of identify {unknown}
 o - a scroll of enchant armour {unknown}
 q - a scroll of teleportation {unknown}
 s - a scroll of remove curse {unknown}
Potions
 d - 2 potions of degeneration {unknown}
 e - a potion of mutation {unknown}
Books
 a - a book of Flames

   Spells                             Type                      Level
   a - Flame Tongue                   Conjuration/Fire             1
   b - Throw Flame                    Conjuration/Fire             2
   c - Conjure Flame                  Conjuration/Fire             3
   d - Inner Flame                    Hexes/Fire                   3
   e - Sticky Flame                   Conjuration/Fire             4
   f - Fireball                       Conjuration/Fire             5
Comestibles
 b - 2 bread rations
 i - a meat ration
 t - a royal jelly
 u - a chunk of flesh


   Skills:
 - Level 1.7 Dodging
 - Level 1.7 Stealth
 + Level 3.0 Spellcasting
 + Level 2.4 Conjurations
 + Level 4.0 Fire Magic


You had one spell level left.
You knew the following spells:

 Your Spells              Type           Power        Failure   Level  Hunger
a - Flame Tongue          Conj/Fire      ##...        4%          1    #......
b - Conjure Flame         Conj/Fire      ##......     14%         3    ###....
c - Sticky Flame          Conj/Fire      ##......     43%         4    #####..


Dungeon Overview and Level Annotations

Branches:
Dungeon (3/15)

Altars:
Gozag
Makhleb
Nemelex Xobeh
Yredelemnul
Zin

Annotations:
D:3 Sigmund


Innate Abilities, Weirdness & Mutations

Your plain brown scales are hard. (AC +5)
You cannot fit into any form of body armour.
You are cold-blooded and may be slowed by cold attacks.


Message History

Confirm with . or Enter, or press ? or * to list all spells.
Aiming: Flame Tongue
Press: ? - help, Shift-Dir - straight line, f/p - orc
Aim: an orc, wielding a hand axe and wearing a leather armour (almost dead)
The flame tongue hits the orc.
You kill the orc!
The orc priest calls down the wrath of Beogh upon you.
Beogh smites you!
* * * LOW HITPOINT WARNING * * *
Casting: Flame Tongue
Confirm with . or Enter, or press ? or * to list all spells.
Aiming: Flame Tongue
Press: ? - help, Shift-Dir - straight line, f - orc
Aim: an orc, wearing a leather armour (moderately wounded)
The flame tongue hits the orc.
You kill the orc!
Your Fire Magic skill increases to level 4!
The orc priest calls down the wrath of Beogh upon you.
Beogh smites you!
You die...

### ... ..#
#### #.#
...# #.#
....
#.#######
#.# ##
#o.......
@..... #o##
.#.#. #[@#
... #=.#
#.# .##
#..# #.#
..# #..#
#.# #.#
##..#
##.#####
#.# #...#
....<..#
#.# #.#.#
##.###.#
#.# #.#.#
#.###.###.#
#.#.#


You could see an orc priest and an orc.

Vanquished Creatures
  3 adders
  3 oozes
  A dart slug (D:1)
  4 leopard geckos
  9 orcs (D:3)
  2 giant cockroaches (D:1)
  6 goblins
  4 hobgoblins
  4 kobolds
  A ball python (D:2)
  3 bats (D:2)
  A frilled lizard (D:1)
  9 rats
50 creatures vanquished.

Vanquished Creatures (others)
  A dart slug (D:2)
1 creature vanquished.

Grand Total: 51 creatures vanquished

Notes
Turn   | Place    | Note
-------+----------+-------------------------------------------
     0 | D:1      | skittles the Draconian Fire Elementalist began the quest for the Orb.
     0 | D:1      | Reached XP level 1. HP: 14/14 MP: 3/3
   346 | D:1      | You fall through a shaft!
   406 | D:2      | Reached XP level 2. HP: 17/20 MP: 0/5
   960 | D:1      | Reached XP level 3. HP: 26/26 MP: 6/6
  1616 | D:2      | Found a basalt altar of Yredelemnul.
  1671 | D:2      | Found an opulent altar of Gozag.
  1733 | D:2      | Learned a level 3 spell: Conjure Flame
  1867 | D:2      | Found a sparkling altar of Nemelex Xobeh.
  2190 | D:3      | Reached XP level 4. HP: 33/33 MP: 4/8
  2245 | D:3      | Found a burning altar of Makhleb.
  2245 | D:3      | Noticed a cacodemon
  2246 | D:3      | Found a glowing silver altar of Zin.
  2246 | D:3      | Noticed an angel
  2327 | D:3      | Noticed Sigmund
  2369 | D:3      | Learned a level 4 spell: Sticky Flame
  2667 | D:3      | Reached skill level 4 in Fire Magic
  2667 | D:3      | Killed from afar by an orc priest

Skill      XL: |  1  2  3  4 |
---------------+-------------+-----
Conjurations   | 2 |  2.4
Spellcasting   | 3 |  3.0
Fire Magic     | 4 |  4.0
Dodging        | |  1.7
Stealth        | |  1.7

Action                   |  1- 3 |  4- 6 || total
-------------------------+-------+-------++-------
Melee: Short sword       |    18 |       ||    18
       Unarmed           |     2 |       ||     2
       Spear             |    75 |    30 ||   105
       Tailslap          |     7 |     2 ||     9
 Cast: Flame Tongue      |    21 |    13 ||    34
 Stab: Sleeping          |     6 |       ||     6
  Eat: Chunk             |     4 |     2 ||     6
Armor: Skin              |    23 |     5 ||    28
Dodge: Dodged            |    55 |    14 ||    69
